[ AOE2 MATCH · #506262399 ]
UnrankedLithuanians vs Japanese
Rival team · LOSS
[ REPLAY ANALYSIS · EXTRACTED FROM THE RECORDED GAME ]
Feudal
8:13
Castle
25:08
Imperial
—
| APM avg | 57.3 |
| APM peak | 87 |
| eAPM avg | 27.0 |
| Villagers / military | 71 / 56 |
Focus
⚔️ 32.3% · 🌾 67.7%
Knight ×23 · Archer ×12 · Skirmisher ×11 · Monk ×3 · Scout Cavalry ×3 · Battering Ram ×2
Feudal
9:21
Castle
25:58
Imperial
—
| APM avg | 59.9 |
| APM peak | 92 |
| eAPM avg | 32.8 |
| Villagers / military | 61 / 26 |
Focus
⚔️ 42.6% · 🌾 57.4%
Spearman ×15 · Militia ×6 · Skirmisher ×3 · Monk ×2
Match map
Initial resources + every placement click. Lines = walls · curves = elevation contours. ◆ gold · ⬟ stone · ● berries · ✦ relic · ◌ wall gap
Your base· Open — 5t gap
Telo Bombeo's base· Open — 7t gap
Smoothed initial terrain · ◌ = detected wall gap · hover for details
Inputs per minute
— Yanez - - Telo Bombeo
Build order — Yanez
First 150 of 236 actions detected
| 0:00 | Queue | Villager (Male) |
| 0:01 | Queue | Villager (Male) |
| 0:01 | Queue | Villager (Male) |
| 0:01 | Queue | Villager (Male) |
| 0:02 | Queue | Villager (Male) |
| 0:02 | Build | House |
| 0:05 | Build | House |
| 0:52 | Queue | Villager (Male) |
| 1:24 | Queue | Villager (Male) |
| 1:50 | Build | Lumber Camp |
| 2:22 | Queue | Villager (Male) |
| 3:15 | Queue | Villager (Male) |
| 3:23 | Build | House |
| 3:38 | Queue | Villager (Male) |
| 4:03 | Queue | Villager (Male) |
| 4:12 | Queue | Villager (Male) |
| 4:30 | Queue | Villager (Male) |
| 4:55 | Queue | Villager (Male) |
| 5:04 | Build | Mill |
| 5:08 | Research | Loom |
| 6:03 | Research | Feudal Age |
| 6:54 | Build | House |
| 7:25 | Build | Barracks |
| 7:55 | Queue | Villager (Male) |
| 8:13 | Age | Feudal Age |
| 8:17 | Queue | Villager (Male) |
| 8:22 | Queue | Villager (Male) |
| 8:28 | Build | Stable |
| 8:59 | Queue | Villager (Male) |
| 9:04 | Build | House |
| 9:25 | Queue | Scout Cavalry |
| 9:26 | Queue | Scout Cavalry |
| 9:34 | Build | House |
| 9:37 | Build | Palisade Wall |
| 9:41 | Build | House |
| 9:57 | Build | Mill |
| 10:04 | Queue | Villager (Male) |
| 10:06 | Queue | Scout Cavalry |
| 10:13 | Build | House |
| 10:24 | Queue | Villager (Male) |
| 10:41 | Queue | Villager (Male) |
| 11:05 | Build | Mining Camp |
| 11:23 | Build | House |
| 11:24 | Build | Palisade Wall |
| 11:28 | Queue | Villager (Male) |
| 11:50 | Build | Archery Range |
| 11:57 | Queue | Villager (Male) |
| 12:14 | Build | House |
| 12:17 | Queue | Villager (Male) |
| 12:21 | Build | Farm |
| 12:28 | Queue | Archer |
| 12:28 | Queue | Archer |
| 12:43 | Queue | Villager (Male) |
| 12:54 | Queue | Archer |
| 13:00 | Build | Farm |
| 13:04 | Queue | Villager (Male) |
| 13:17 | Queue | Villager (Male) |
| 13:21 | Build | House |
| 13:26 | Build | Farm |
| 13:30 | Queue | Villager (Male) |
| 13:36 | Build | Farm |
| 13:57 | Research | Double-Bit Axe |
| 14:00 | Queue | Archer |
| 14:30 | Queue | Villager (Male) |
| 14:50 | Queue | Villager (Male) |
| 15:02 | Queue | Villager (Male) |
| 15:05 | Queue | Archer |
| 15:14 | Build | Lumber Camp |
| 15:19 | Build | Farm |
| 15:20 | Build | Farm |
| 15:21 | Queue | Archer |
| 15:29 | Build | Farm |
| 15:33 | Build | Farm |
| 15:37 | Queue | Archer |
| 15:53 | Queue | Villager (Male) |
| 15:57 | Build | Farm |
| 15:59 | Build | Farm |
| 16:00 | Build | Farm |
| 16:16 | Build | Farm |
| 16:20 | Queue | Villager (Male) |
| 16:27 | Build | Farm |
| 16:37 | Build | Farm |
| 16:44 | Build | Farm |
| 16:49 | Build | Farm |
| 16:50 | Queue | Villager (Male) |
| 17:02 | Build | Farm |
| 17:03 | Research | Horse Collar |
| 17:06 | Queue | Villager (Male) |
| 17:41 | Build | House |
| 17:42 | Build | House |
| 17:43 | Build | House |
| 17:45 | Research | Wheelbarrow |
| 17:54 | Build | Farm |
| 18:05 | Build | Blacksmith |
| 18:15 | Build | Farm |
| 18:22 | Build | House |
| 18:24 | Queue | Villager (Male) |
| 18:28 | Queue | Archer |
| 18:53 | Build | Farm |
| 18:54 | Research | Fletching |
| 18:55 | Queue | Villager (Male) |
| 19:03 | Build | Farm |
| 19:05 | Queue | Archer |
| 19:18 | Build | House |
| 19:24 | Queue | Villager (Male) |
| 19:26 | Build | Farm |
| 19:39 | Queue | Archer |
| 19:57 | Queue | Villager (Male) |
| 20:04 | Queue | Villager (Male) |
| 20:06 | Build | Farm |
| 20:08 | Queue | Archer |
| 20:32 | Build | Market |
| 20:34 | Build | House |
| 20:35 | Build | House |
| 20:59 | Queue | Villager (Male) |
| 21:07 | Build | Farm |
| 21:20 | Build | House |
| 21:32 | Queue | Villager (Male) |
| 21:49 | Queue | Villager (Male) |
| 21:51 | Build | Farm |
| 22:17 | Build | House |
| 22:28 | Research | Castle Age |
| 22:45 | Build | Stable |
| 23:18 | Build | Stable |
| 23:38 | Research | Scale Barding Armor |
| 23:38 | Research | Forging |
| 23:55 | Research | Bloodlines |
| 24:02 | Research | Gold Mining |
| 24:09 | Build | Farm |
| 24:10 | Build | Farm |
| 25:08 | Age | Castle Age |
| 25:10 | Queue | Knight |
| 25:10 | Queue | Knight |
| 25:11 | Queue | Knight |
| 25:13 | Build | Monastery |
| 25:43 | Queue | Villager (Male) |
| 25:46 | Build | Farm |
| 25:46 | Build | Farm |
| 26:01 | Queue | Knight |
| 26:01 | Queue | Monk |
| 26:06 | Build | Town Center |
| 26:36 | Queue | Villager (Male) |
| 26:43 | Queue | Villager (Male) |
| 26:59 | Queue | Knight |
| 27:00 | Queue | Villager (Male) |
| 27:19 | Queue | Villager (Male) |
| 27:24 | Queue | Knight |
| 27:24 | Queue | Knight |
| 27:41 | Queue | Monk |
| 27:47 | Build | Siege Workshop |
Build order — Telo Bombeo
First 150 of 196 actions detected
| 0:00 | Queue | Villager (Male) |
| 0:01 | Queue | Villager (Male) |
| 0:02 | Build | House |
| 0:03 | Build | House |
| 0:16 | Queue | Villager (Male) |
| 0:17 | Queue | Villager (Male) |
| 1:24 | Queue | Villager (Male) |
| 1:25 | Queue | Villager (Male) |
| 2:01 | Build | Lumber Camp |
| 2:02 | Queue | Villager (Male) |
| 2:29 | Queue | Villager (Male) |
| 2:29 | Queue | Villager (Male) |
| 2:56 | Queue | Villager (Male) |
| 2:57 | Queue | Villager (Male) |
| 3:06 | Queue | Villager (Male) |
| 3:06 | Queue | Villager (Male) |
| 3:37 | Build | House |
| 3:49 | Queue | Villager (Male) |
| 3:49 | Queue | Villager (Male) |
| 4:01 | Research | Loom |
| 4:09 | Build | Mill |
| 4:14 | Queue | Villager (Male) |
| 4:15 | Queue | Villager (Male) |
| 4:46 | Queue | Villager (Male) |
| 5:22 | Queue | Villager (Male) |
| 5:34 | Queue | Villager (Male) |
| 5:43 | Build | House |
| 6:12 | Queue | Villager (Male) |
| 6:16 | Build | Barracks |
| 6:40 | Queue | Villager (Male) |
| 7:11 | Research | Feudal Age |
| 7:11 | Research | Feudal Age |
| 7:20 | Build | Mining Camp |
| 7:52 | Queue | Militia |
| 7:53 | Queue | Militia |
| 7:53 | Queue | Militia |
| 8:17 | Queue | Militia |
| 9:21 | Age | Feudal Age |
| 9:25 | Research | Man-at-Arms (upgrade) |
| 9:34 | Queue | Villager (Male) |
| 9:39 | Queue | Spearman |
| 9:48 | Build | Watch Tower |
| 10:13 | Queue | Villager (Male) |
| 10:15 | Build | Mill |
| 10:16 | Build | Mill |
| 10:19 | Build | Mill |
| 10:19 | Queue | Villager (Male) |
| 10:21 | Build | Farm |
| 10:58 | Build | Farm |
| 10:59 | Build | Farm |
| 11:05 | Build | House |
| 11:27 | Build | Palisade Wall |
| 11:28 | Build | Palisade Wall |
| 11:29 | Build | Palisade Wall |
| 11:30 | Build | Palisade Wall |
| 11:31 | Build | Palisade Wall |
| 11:39 | Build | House |
| 11:46 | Queue | Spearman |
| 11:54 | Build | House |
| 12:17 | Build | Outpost |
| 12:22 | Build | Mining Camp |
| 12:27 | Queue | Villager (Male) |
| 12:32 | Build | Farm |
| 12:58 | Queue | Spearman |
| 13:02 | Queue | Militia |
| 13:03 | Research | Arson |
| 13:03 | Research | Arson |
| 13:05 | Queue | Villager (Male) |
| 13:06 | Build | Farm |
| 13:29 | Build | Farm |
| 13:31 | Queue | Villager (Male) |
| 14:02 | Build | Watch Tower |
| 14:07 | Queue | Villager (Male) |
| 14:09 | Build | Farm |
| 14:16 | Build | House |
| 14:19 | Research | Town Watch |
| 14:28 | Build | Palisade Wall |
| 14:31 | Queue | Villager (Male) |
| 14:44 | Build | Palisade Wall |
| 14:46 | Build | Palisade Wall |
| 14:48 | Build | Palisade Wall |
| 14:49 | Build | Palisade Wall |
| 14:51 | Build | Palisade Wall |
| 14:53 | Queue | Villager (Male) |
| 15:32 | Build | Farm |
| 16:08 | Queue | Villager (Male) |
| 16:09 | Queue | Villager (Male) |
| 16:32 | Build | House |
| 16:56 | Build | Watch Tower |
| 17:00 | Queue | Villager (Male) |
| 17:40 | Queue | Villager (Male) |
| 17:41 | Queue | Villager (Male) |
| 17:42 | Build | Lumber Camp |
| 17:45 | Build | Palisade Wall |
| 18:00 | Queue | Militia |
| 18:10 | Build | Market |
| 18:17 | Build | Blacksmith |
| 18:19 | Queue | Villager (Male) |
| 18:32 | Build | Farm |
| 18:33 | Build | Farm |
| 18:35 | Build | Farm |
| 19:09 | Queue | Villager (Male) |
| 19:09 | Queue | Villager (Male) |
| 19:21 | Build | House |
| 19:27 | Build | Palisade Wall |
| 19:34 | Research | Fletching |
| 19:35 | Queue | Villager (Male) |
| 19:58 | Build | Archery Range |
| 19:59 | Queue | Villager (Male) |
| 20:12 | Build | House |
| 20:14 | Build | Palisade Wall |
| 20:32 | Queue | Skirmisher |
| 20:38 | Build | House |
| 20:43 | Queue | Skirmisher |
| 20:46 | Build | Palisade Gate |
| 21:06 | Build | Watch Tower |
| 21:16 | Queue | Villager (Male) |
| 21:44 | Queue | Villager (Male) |
| 21:50 | Build | Farm |
| 21:51 | Build | Farm |
| 22:03 | Queue | Skirmisher |
| 22:25 | Queue | Villager (Male) |
| 22:34 | Build | Palisade Wall |
| 22:35 | Build | Palisade Wall |
| 22:57 | Build | House |
| 23:18 | Research | Castle Age |
| 23:19 | Research | Castle Age |
| 23:30 | Build | Farm |
| 23:31 | Build | Farm |
| 23:51 | Research | Gold Mining |
| 24:03 | Queue | Spearman |
| 24:19 | Queue | Spearman |
| 25:01 | Build | Watch Tower |
| 25:10 | Research | Scale Mail Armor |
| 25:11 | Queue | Spearman |
| 25:58 | Age | Castle Age |
| 26:03 | Research | Bodkin Arrow |
| 26:04 | Queue | Villager (Male) |
| 26:09 | Build | University |
| 26:12 | Queue | Villager (Male) |
| 26:36 | Research | Pikeman (upgrade) |
| 26:38 | Queue | Villager (Male) |
| 26:40 | Build | Farm |
| 27:20 | Build | Monastery |
| 27:21 | Queue | Spearman |
| 27:40 | Queue | Villager (Male) |
| 27:41 | Queue | Villager (Male) |
| 27:59 | Queue | Monk |
| 28:17 | Build | Watch Tower |
| 28:25 | Research | Guard Tower (upgrade) |
Match timeline
| 6:16 | Telo Bombeo · first_building Barracks |
| 7:25 | Yanez · first_building Barracks |
| 8:13 | Yanez · age_up feudal |
| 8:28 | Yanez · first_building Stable |
| 9:21 | Telo Bombeo · age_up feudal |
| 9:37 | Yanez · wall_segment Palisade Wall x8 |
| 11:24 | Yanez · wall_segment Palisade Wall x7 |
| 11:27 | Telo Bombeo · wall_segment Palisade Wall x1 |
| 11:28 | Telo Bombeo · wall_segment Palisade Wall x1 |
| 11:29 | Telo Bombeo · wall_segment Palisade Wall x1 |
| 11:30 | Telo Bombeo · wall_segment Palisade Wall x1 |
| 11:31 | Telo Bombeo · wall_segment Palisade Wall x1 |
| 11:50 | Yanez · first_building Archery Range |
| 14:28 | Telo Bombeo · wall_segment Palisade Wall x3 |
| 14:44 | Telo Bombeo · wall_segment Palisade Wall x1 |
| 14:46 | Telo Bombeo · wall_segment Palisade Wall x1 |
| 14:48 | Telo Bombeo · wall_segment Palisade Wall x1 |
| 14:49 | Telo Bombeo · wall_segment Palisade Wall x1 |
| 14:51 | Telo Bombeo · wall_segment Palisade Wall x1 |
| 17:45 | Telo Bombeo · wall_segment Palisade Wall x16 |
| 19:27 | Telo Bombeo · wall_segment Palisade Wall x9 |
| 19:58 | Telo Bombeo · first_building Archery Range |
| 20:14 | Telo Bombeo · wall_segment Palisade Wall x5 |
| 22:23 | Telo Bombeo · first_market_buy 100 food |
| 22:34 | Telo Bombeo · wall_segment Palisade Wall x1 |
| 22:35 | Telo Bombeo · wall_segment Palisade Wall x1 |
| 23:18 | Telo Bombeo · first_market_sell 100 food |
| 25:08 | Yanez · age_up castle |
| 25:13 | Yanez · first_building Monastery |
| 25:58 | Telo Bombeo · age_up castle |
| 27:20 | Telo Bombeo · first_building Monastery |
| 27:22 | Yanez · first_market_sell 100 wood |
| 27:23 | Yanez · first_market_buy 100 food |
| 27:47 | Yanez · first_building Siege Workshop |
| 32:08 | Telo Bombeo · wall_segment Palisade Wall x1 |
| 35:47 | Telo Bombeo · resign |
[ AI ANALYSIS · 1 CREDIT ]
What really happened in this match?
Wolo.gg analyzes every decision: build order, eco, micro, common mistakes by bracket. Personalized analysis on WhatsApp or Discord in 30 seconds.
Civ guide
Lithuanians
Perfil
Jugador #255262